 Dungeon Sprint DCSS version 0.29.1-12-g30fa7ad0bf (webtiles) character file.

Game seed: 806290924558059225

4740 Groucho the Unseen (level 10, -3/44 HPs)
             Began as a Spriggan Enchanter on Dec 27, 2022.
             Was the Champion of Dithmenos.
             Slain by a spriggan rider
             ... wielding a +3 spear
              (32 damage)
             ... in the Dungeon (Sprint VII: "The Pits").
             The game lasted 00:06:35 (3959 turns).

Groucho the Unseen (Spriggan Enchanter)             Turns: 3959, Time: 00:06:35

Health: -3/44      AC:  2    Str:  8    XL:     10   Next: 22%
Magic:  26/29      EV: 29    Int: 18    God:    Dithmenos [******]
Gold:   0          SH:  0    Dex: 18    Spells: 26/37 levels left

rFire   . . .      SeeInvis +   m - +2 dagger (venom)
rCold   . . .      Faith    .   (no shield)
rNeg    . . .      Spirit   .   b - +0 robe
rPois   .          Reflect  .   (helmet restricted)
rElec   .          Harm     .   (no cloak)
rCorr   .          Rampage  .   (gloves unavailable)
Will    +....      NoTele   +   (boots unavailable) Stlth *+++++++++
                                (no amulet)
HPRegen 0.14/turn               n - +3 ring of evasion
MPRegen 0.21/turn               o - +3 ring of dexterity

@: confusing by touch, wreathed by umbra, very quick
A: very small, no large weapons, unfitting armour, see invisible, speed 3
a: Renounce Religion, Shadow Step, Shadow Form


You were in the Dungeon.
You worshipped Dithmenos.
Dithmenos was exalted by your worship.
You visited 1 branch

Inventory:

Hand Weapons
 a - a +2 dagger
 m - a +2 dagger of venom (weapon)
 r - a +2 rapier of distortion
Missiles
 j - 9 stones (quivered)
Armour
 b - a +0 robe (worn)
Jewellery
 n - a +3 ring of evasion (left hand)
 o - a +3 ring of dexterity (right hand)
Scrolls
 i - a scroll of blinking
 k - 5 scrolls of amnesia
 l - a scroll of summoning
Potions
 c - 4 potions of invisibility
 d - 6 potions of curing
 e - 11 potions of heal wounds
 f - 2 potions of haste
 g - 4 potions of magic
 h - 2 potions of berserk rage
 p - 3 potions of brilliance
 q - a potion of resistance


   Skills:
 + Level 13.4 Short Blades
 + Level 12.4 Dodging
 - Level 16.0 Stealth
 - Level 14.0 Spellcasting
 - Level 14.0 Hexes


You had 26 spell levels left.
You knew the following spells:

 Your Spells              Type           Power      Damage    Failure   Level
a - Ensorcelled Hibernat  Hex/Ice        74%        N/A       1%          2
b - Confusing Touch       Hex            58%        N/A       1%          3
c - Dazzling Flash        Conj/Hex       74%        N/A       1%          3
d - Tukima's Dance        Hex            58%        N/A       1%          3

Your spell library contained the following spells:

 Spells                   Type           Power      Damage    Failure   Level


Dungeon Overview and Level Annotations

Branches:
Dungeon (1/1)

Altars:
Ashenzari
Cheibriados
Dithmenos
Elyvilon
Fedhas
Gozag
Hepliaklqana
Kikubaaqudgha
Makhleb
Nemelex Xobeh
Okawaru
Qazlal
Ru
Sif Muna
Trog
Uskayaw
Vehumet
Wu Jian
Xom
Yredelemnul
Zin
The Shining One
Jiyva
Lugonu


Innate Abilities, Weirdness & Mutations

You are very small and have problems with some larger weapons.
You are too small for most types of armour.
You have supernaturally acute eyesight. (SInv)
You cover ground extremely quickly. (Speed+++)


Message History

There is an open door here.
Casting: Ensorcelled Hibernation (safe; 1% risk of failure)
Confirm with . or Enter, or press ? or * to list all spells.
Aiming: Ensorcelled Hibernation (safe; 1% risk of failure)
Press: ? - help, Shift-Dir - straight line, f - spriggan rider
Aim: a spriggan rider, wielding a +3 spear (umbra, chance to affect: 6%)
Okay, then.
Casting: Ensorcelled Hibernation (safe; 1% risk of failure)
Confirm with . or Enter, or press ? or * to list all spells.
Casting: Dazzling Flash (safe; 1% risk of failure)
Press: ? - help, Dir - look around, f - activate The spriggan rider hits you from afar with a +3 spear!
Unknown command.
Unknown command.
Unknown command.
There is an open gate here.
The spriggan rider hits you from afar with a +3 spear!!
You emit a cloud of dark smoke.
There is a huge open gate to the Metal Vault (Medium) here.
There is a huge open gate to the Metal Vault (Medium) here.
There is an open door to the Storerooms (Easy), spattered with blood here.
You see here a +0 whip.
You feel much better. The spriggan rider closely misses you.
You fail to use your ability.
The spriggan rider completely misses you.
Unknown command.
Casting: Dazzling Flash (safe; 1% risk of failure)
Confirm with . or Enter, or press ? or * to list all spells.
Your hands begin to glow red.
The spriggan rider hits you from afar with a +3 spear.
There is an open door to the Storerooms (Easy), spattered with blood here.
You barely miss the spriggan rider. Your punch misses the spriggan rider.
The spriggan rider completely misses you.
Unknown command.
You barely miss the spriggan rider. Your shadow misses the spriggan rider.
You barely miss the spriggan rider.
Your shadow hits the spriggan rider with a dagger.
The spriggan rider hits you with a +3 spear!!
Ouch! That really hurt!
You die...

############ #_________.#
#_________.#
#_______...###########++#####
##########'##................
#.?..')))).##......#..#......
##########.##................
#..........)@i...............
#)#####'#####......#..#......
#.#.....#..##................
#.#.....#))#####'#####''#####
#.###'###.)##.......##''#####
#.#.....#))##.......##i.#....
#.#.....#[[##.......##..##...
#.####'##'###...<...##§§####†
#.#........##.......##§§#..##


You could see a spriggan rider.

Vanquished Creatures
  A two-headed ogre (D)
  2 sea snakes (D)
  A guardian serpent (D)
  2 demonic crawlers (D)
  A red devil (D)
  2 komodo dragons (D)
  A merfolk (D)
  3 blink frogs (D)
  A wyvern (D)
  Edmund (D)
  2 phantoms (D)
  2 scorpions (D)
  2 necrophages (D)
  A hound (D)
  A jelly (D)
  2 iguanas (D)
  A gnoll (D)
  3 river rats (D)
  A white imp (D)
  An endoplasm (D)
  A giant cockroach (D)
  A jackal (D)
  A kobold (D)
  A quokka (D)
  A ball python (D)
  A frilled lizard (D)
  A quokka skeleton (D)
  A quokka zombie (D)
  A rat (D)
40 creatures vanquished.

Notes
Turn   | Place    | Note
-------+----------+-------------------------------------------
     0 | D        | Groucho the Spriggan Enchanter began the quest for the Orb.
     0 | D        | Reached XP level 1. HP: 9/9 MP: 5/5
    15 | D        | Reached skill level 6 in Stealth
    15 | D        | Reached XP level 2. HP: 13/13 MP: 5/7
    56 | D        | Learned a level 2 spell: Ensorcelled Hibernation
    82 | D        | Found a glowing golden altar of the Shining One.
    82 | D        | Found a glowing silver altar of Zin.
    82 | D        | Found a basalt altar of Yredelemnul.
    82 | D        | Found a shimmering altar of Xom.
    82 | D        | Found an ornate altar of the Wu Jian Council.
    82 | D        | Found a bloodstained altar of Trog.
    82 | D        | Found a shimmering blue altar of Sif Muna.
    82 | D        | Found a sacrificial altar of Ru.
    82 | D        | Found a stormy altar of Qazlal.
    82 | D        | Found an iron altar of Okawaru.
    82 | D        | Found a sparkling altar of Nemelex Xobeh.
    82 | D        | Found a burning altar of Makhleb.
    82 | D        | Found a viscous altar of Jiyva.
    82 | D        | Found a hazy altar of Hepliaklqana.
    82 | D        | Found an opulent altar of Gozag.
    82 | D        | Found a blossoming altar of Fedhas.
    82 | D        | Found a white marble altar of Elyvilon.
    82 | D        | Found a shadowy altar of Dithmenos.
    82 | D        | Found a snail-covered altar of Cheibriados.
    83 | D        | Found a radiant altar of Vehumet.
    83 | D        | Found a corrupted altar of Lugonu.
    84 | D        | Found an ancient bone altar of Kikubaaqudgha.
    84 | D        | Found a hide-covered altar of Uskayaw.
    84 | D        | Found a broken altar of Ashenzari.
    89 | D        | Became a worshipper of Dithmenos the Shadowed
   109 | D        | Reached * piety under Dithmenos
   110 | D        | Reached skill level 7 in Stealth
   115 | D        | Noticed a scorpion
   115 | D        | Noticed a scorpion
   538 | D        | Killed a scorpion
   539 | D        | Reached skill level 9 in Stealth
   539 | D        | Reached skill level 5 in Spellcasting
   539 | D        | Reached skill level 5 in Hexes
   539 | D        | Reached XP level 3. HP: 16/16 MP: 6/10
   539 | D        | Reached XP level 4. HP: 21/21 MP: 7/12
   556 | D        | Reached ** piety under Dithmenos
  1349 | D        | Killed a scorpion
  1350 | D        | Reached skill level 5 in Short Blades
  1350 | D        | Reached skill level 11 in Stealth
  1350 | D        | Reached XP level 5. HP: 24/24 MP: 12/14
  1401 | D        | Noticed a phantom
  1418 | D        | Learned a level 3 spell: Confusing Touch
  1424 | D        | Killed a phantom
  1425 | D        | Reached skill level 12 in Stealth
  1429 | D        | Learned a level 3 spell: Dazzling Flash
  1433 | D        | Learned a level 3 spell: Tukima's Dance
  1463 | D        | Reached *** piety under Dithmenos
  1560 | D        | Reached skill level 13 in Stealth
  1560 | D        | Reached XP level 6. HP: 26/28 MP: 10/17
  1960 | D        | Noticed a two-headed ogre
  1967 | D        | Killed a two-headed ogre
  1967 | D        | Reached **** piety under Dithmenos
  1968 | D        | Reached skill level 16 in Stealth
  1968 | D        | Reached skill level 10 in Spellcasting
  1968 | D        | Reached skill level 10 in Hexes
  1968 | D        | Reached XP level 7. HP: 32/32 MP: 15/21
  2321 | D        | Reached XP level 8. HP: 31/36 MP: 19/23
  2719 | D        | Noticed Edmund
  2719 | D        | Noticed a sea snake
  2721 | D        | Killed Edmund
  2722 | D        | Killed a sea snake
  2723 | D        | Reached skill level 10 in Short Blades
  2724 | D        | Reached ***** piety under Dithmenos
  2823 | D        | Noticed a blink frog
  2823 | D        | Noticed a komodo dragon
  2824 | D        | Noticed a blink frog
  2824 | D        | Noticed a blink frog
  2859 | D        | Killed a blink frog
  2866 | D        | Killed a blink frog
  2867 | D        | Reached XP level 9. HP: 23/39 MP: 13/26
  2879 | D        | Killed a komodo dragon
  3130 | D        | Noticed a komodo dragon
  3139 | D        | Killed a komodo dragon
  3470 | D        | Noticed a guardian serpent
  3470 | D        | Noticed a demonic crawler
  3470 | D        | Noticed a demonic crawler
  3471 | D        | Killed a demonic crawler
  3473 | D        | Killed a demonic crawler
  3475 | D        | Killed a guardian serpent
  3476 | D        | Reached skill level 10 in Dodging
  3487 | D        | Noticed a merfolk
  3488 | D        | Noticed a sea snake
  3489 | D        | Killed a merfolk
  3490 | D        | Reached ****** piety under Dithmenos
  3492 | D        | Killed a sea snake
  3493 | D        | Reached XP level 10. HP: 38/44 MP: 19/29
  3922 | D        | Noticed a phantasmal warrior
  3922 | D        | Noticed a spriggan rider
  3959 | D        | Slain by a spriggan rider

Illustrated notes

Levels and vault maps discovered:
D:        pitsprint [storerooms_1, entrance_room_1, metal_vault_1, armoury_1,
          mini_pit_1, grid_room_1, main_hall_1, silver_pit, the_coven_1,
          the_vestibule_1, steel_vault_4, golden_pit, hallway_of_sentries,
          crystal_vault_4, iron_vault_4, final_vault]

Skill      XL: |  1  2  3  4  5  6  7  8  9 10 |
---------------+-------------------------------+-----
Short Blades   | 2 4 5 6 8 9 10 13 | 13.4
Stealth        | 6 9 11 13 16 | 16.0
Spellcasting   | 3 5 6 7 10 12 14 | 14.0
Hexes          | 4 5 6 7 10 12 14 | 14.0
Dodging        | 7 11 12 | 12.4

Action                   |  1- 3 |  4- 6 |  7- 9 | 10-12 || total
-------------------------+-------+-------+-------+-------++-------
Melee: Dagger            |     7 |    15 |    31 |     6 ||    59
Throw: Stone             |       |     3 |       |       ||     3
 Cast: Ensorcelled Hiber |     5 |     9 |    14 |     3 ||    31
       Confusing Touch   |       |     2 |     2 |     1 ||     5
       Dazzling Flash    |       |       |       |     1 ||     1
Invok: Shadow Step       |       |     1 |     4 |       ||     5
  Use: Potion            |     1 |       |       |     1 ||     2
 Stab: Sleeping          |     5 |     9 |    17 |     3 ||    34
       Confused          |       |     1 |     2 |       ||     3
Dodge: Dodged            |     4 |     5 |    13 |     6 ||    28
